 Dungeon Crawl Stone Soup version 0.22.0-6-g71bd7aa6b3 (webtiles) character file.

20674 Oravi the Grappler (level 12, 0/106 HPs)
             Began as a Ghoul Necromancer on Aug 15, 2018.
             Was a Priest of Kikubaaqudgha.
             Hit by a javelin thrown by a minotaur (26 damage)
             ... in a labyrinth.
             The game lasted 02:12:11 (19600 turns).

Oravi the Grappler (Ghoul Necromancer)             Turns: 19600, Time: 02:12:12

Health: 0/106      AC: 16    Str: 13    XL:     12   Next: 82%
Magic:  2/17       EV:  7    Int: 16    God:    Kikubaaqudgha [***...]
Gold:   970        SH:  0    Dex:  9    Spells: 10/19 levels left

rFire    + . .     SeeInvis .     - Unarmed
rCold    + . .     Gourm    .   (no shield)
rNeg     + + +     Faith    .   V - +0 chain mail
rPois    ∞         Spirit   .   X - +2 hat {MR+}
rElec    .         Reflect  .   j - +0 cloak
rCorr    .         Harm     .   (no gloves)
MR       +....                  F - +0 pair of boots
Stlth    ..........             q - amulet of regeneration
HPRegen  0.00/turn              i - +2 ring of intelligence
MPRegen  0.15/turn              P - ring of protection from fire

@: rotting
A: rotting body, claws 1, carnivore, cold resistance 1, negative energy
resistance 3, inhibited regeneration, torment resistance, unbreathing
a: Receive Corpses, Renounce Religion


You were in a labyrinth.
You worshipped Kikubaaqudgha.
Kikubaaqudgha was most pleased with you.
You were not hungry.

You visited 3 branches of the dungeon, and saw 16 of its levels.
You also visited: Labyrinth.

You collected 1003 gold pieces.
You spent 33 gold pieces at shops.

Inventory:

Missiles
 f - 143 arrows
 g - 289 stones (quivered)
 l - 16 tomahawks
 r - 135 bolts
 u - 66 poisoned needles
 H - 4 throwing nets
Armour
 j - a +0 cloak (worn)
 F - a +0 pair of boots (worn)
 N - a +0 shield
 V - a +0 chain mail (worn)
 X - a +2 hat of magic resistance (worn)
Jewellery
 d - an uncursed ring of see invisible
 i - a +2 ring of intelligence (left claw)
 q - an amulet of regeneration (around neck)
 s - a +2 amulet of reflection
 t - an uncursed amulet of the acrobat
 x - an uncursed ring of flight
 J - an uncursed ring of ice
 P - a ring of protection from fire (right claw)
 S - the ring "Worablex" {*Slow rC+ Int+3 Dex+3}
   (You took it off a tengu conjurer on level 10 of the Dungeon)

   [ring of intelligence]

   It affects your intelligence (+3).
   It affects your dexterity (+3).
   It protects you from cold.
   It may slow you when you take damage.
Wands
 k - a wand of acid (10)
 G - a wand of iceblast (3)
 K - a wand of paralysis (4)
 L - a wand of polymorph (6)
 Q - a wand of digging (19)
 Z - a wand of disintegration (8)
Scrolls
 e - 3 scrolls of blinking
 h - 4 scrolls of amnesia
 n - 2 scrolls of magic mapping
 o - 3 scrolls of immolation {unknown}
 p - 4 scrolls of remove curse
 y - 2 scrolls of fog
 B - 2 scrolls of vulnerability {unknown}
 C - 7 scrolls of teleportation
 I - a scroll of enchant weapon {unknown}
 W - a scroll of enchant armour {unknown}
Potions
 a - a potion of brilliance {unknown}
 b - 2 potions of flight
 v - 2 potions of might
 w - a potion of cancellation
 z - 3 potions of mutation
 A - 4 potions of agility
 D - 3 potions of haste
 E - 3 potions of curing
 M - a potion of resistance {unknown}
 O - 3 potions of berserk rage {unknown}
 T - a potion of magic {unknown}
 U - a potion of heal wounds
 Y - a potion of invisibility {unknown}
Comestibles
 c - 15 rations
 R - 15 chunks of flesh


   Skills:
 * Level 10.1 Fighting
 + Level 8.8 Armour
 - Level 1.7 Dodging
 - Level 2.1 Stealth
 * Level 14.1 Unarmed Combat
 - Level 4.0 Spellcasting
 + Level 8.9 Necromancy


You had 10 spell levels left.
You knew the following spells:

 Your Spells              Type           Power        Failure   Level  Hunger
a - Pain                  Necr           ####         8%          1    None
b - Animate Skeleton      Necr           N/A          8%          1    None
c - Vampiric Draining     Necr           ####......   24%         3    ###....
d - Animate Dead          Necr           N/A          61%         4    ####...

Your spell library contained the following spells:

 Spells                   Type           Power        Failure   Level  Hunger
 Confuse                  Hex            #.......     100%        3    ###....
 Mephitic Cloud           Conj/Pois/Air  #.......     100%        3    ###....
 Venom Bolt               Conj/Pois      #.........   100%        5    ######.
 Olgreb's Toxic Radiance  Pois           #.......     100%        4    ####...
 Summon Horrible Things   Summ           #.........   100%        8    #######
 Dispel Undead            Necr           ####....     91%         5    ######.
 Regeneration             Chrm/Necr      ###.......   83%         3    ###....
 Sting                    Conj/Pois      #...         97%         1    None
 Summon Greater Demon     Summ           #.........   100%        7    #######
 Corpse Rot               Necr           N/A          12%         2    ##.....
 Agony                    Necr           ####....     91%         5    ######.
 Confusing Touch          Hex            #.....       97%         1    None
 Metabolic Englaciation   Hex/Ice        #.........   100%        5    ######.
 Simulacrum               Ice/Necr       ###.......   100%        6    #######
 Excruciating Wounds      Chrm/Necr      ###.......   100%        5    ######.
 Monstrous Menagerie      Summ           #.........   100%        7    #######
 Petrify                  Tmut/Erth      #.......     100%        4    ####...
 Malign Gateway           Summ/Tloc      #.........   100%        7    #######
 Gell's Gravitas          Tloc           #.........   100%        3    ###....
 Yara's Violent Unravell  Hex/Tmut       #.........   100%        5    ######.
 Poisonous Vapours        Pois/Air       #.....       99%         2    ##.....


Dungeon Overview and Level Annotations

Branches:
Dungeon (10/15)            Temple (1/1) D:5            Lair (5/6) D:9
 Shoals (0/4) Lair:3        Snake (0/4) Lair:3          Orc (0/2) D:10
  Slime: Lair:5-6

Altars:
Ashenzari
Cheibriados
Dithmenos
Elyvilon
Fedhas
Gozag
Hepliaklqana
Kikubaaqudgha
Makhleb
Nemelex Xobeh
Okawaru
Qazlal
Ru
Sif Muna
Trog
Uskayaw
Vehumet
Wu Jian
Xom
Yredelemnul
Zin
The Shining One

Shops:
D:4 ?   D:8 ?   D:10 }(

Annotations:
D:2 exclusion: oklob plant
Lair:4 exclusion: oklob plant


Innate Abilities, Weirdness & Mutations

Your body is rotting away.
You thrive on raw meat.
You are immune to poison.
You have sharp fingernails.
You are carnivorous and can eat meat at any time.
Your flesh is cold resistant. (rC+)
You are immune to negative energy. (rN+++)
You do not regenerate when monsters are visible.
You are immune to unholy pain and torment.
You can survive without breathing.


Message History

Things that are here:
a human corpse; a torpor snail corpse You swap places.
Your water moccasin skeleton bites the minotaur but does no damage.
The minotaur throws a javelin.
The javelin hits your water moccasin skeleton!!
Kikubaaqudgha delivers you corpses!
You feel somewhat more hungry.
Your water moccasin skeleton closely misses the minotaur.
The minotaur hits your water moccasin skeleton with an ancient morningstar {distort}!!
Your water moccasin skeleton is destroyed!
Casting: Animate Skeleton (safe; 8% risk of failure)
Confirm with . or Enter, or press ? or * to list all spells.
You attempt to give life to the dead...
Before your eyes, flesh is ripped from the corpse!
The dead are hopping!
You see here 4 chunks of flesh.
The minotaur throws a javelin.
The javelin hits you!!
You die...
Kikubaaqudgha rasps: "You have failed me!
Welcome... oblivion!"

... . . . . # #
# . .. .# # .# .
#. ... . .. ..
############# .
#.H%.Z#.....#..#
## #(###@..## #
. #(
.#.#.....#.. . #
#.#.###.#.# . #
#.#.#.... # ..
#..[ #<# ### ##
#... . #.#
#.#.#. #. #
#.#.. ## #.# .
..#. . . #.# #
#. .. .#.


You could see a minotaur and a friendly bullfrog skeleton.

Vanquished Creatures
  Gastronok (Lair:3)
  Harold (Lair:1)
  A death drake (D:10)
  Pikel (D:4)
  2 black mambas
  4 spiny frogs
  A centaur skeleton (D:10)
  A gargoyle (D:10)
  2 komodo dragons
  A kobold demonologist (D:10)
  A tengu conjurer (D:10)
  2 trolls
  A polar bear (Lair:4)
  A blink frog (Lair:2)
  A hornet (D:10)
  A dream sheep (D:9)
  4 hippogriffs
  A shadow (Lab)
  A wyvern (D:8)
  12 yaks
  A hungry ghost (Lab)
  A steam dragon (D:9)
  3 nagas (Lair:3)
  2 hell hounds (D:8)
  A soldier ant (D:10)
  5 water moccasins
  6 porcupines
  A black bear (D:6)
  A sky beast (D:7)
  5 orc warriors
  4 ice beasts
  6 phantoms
  A centaur (D:10)
  11 wolves
  3 ogres
  5 crocodiles
  2 big kobolds (D:10)
  5 bullfrogs
  9 killer bees
  3 wights (D:6)
  8 howler monkeys
  5 crimson imps
  A quasit (D:6)
  2 centaur zombies
  3 hounds
  3 jellies
  2 orc priests
  4 iguanas
  Natasha (thrice) (D:3)
  9 orc wizards
  8 worker ants
  Terence (D:6)
  2 hound zombies
  3 hound skeletons
  A worker ant zombie (D:9)
  2 gnolls
  3 howler monkey skeletons
  11 adders
  A shadow imp (D:4)
  An adder zombie (D:7)
  An adder skeleton (D:4)
  A worm (D:2)
  4 leopard geckos
  38 orcs
  3 bats
  8 giant cockroaches
  4 goblins
  5 hobgoblins
  5 jackals
  4 quokkas
  4 ball pythons
  4 frilled lizards
  A jackal skeleton (D:8)
  8 kobolds
  A leopard gecko skeleton (D:9)
  8 rats
287 creatures vanquished.

Vanquished Creatures (collateral kills)
  A hydra (Lair:3)
  A catoblepas (Lair:2)
  A merfolk siren (Lair:3)
  A rime drake (Lair:3)
  2 komodo dragons
  A polar bear (Lair:3)
  2 blink frogs (Lair:2)
  A shadow (Lab)
  4 hungry ghosts
  A water moccasin (Lair:2)
  A wolf (Lair:3)
  A crocodile (Lair:2)
  2 bullfrogs
  A crimson imp (D:3)
  An iguana (D:7)
  An adder zombie (D:5)
  A leopard gecko (D:10)
  A hobgoblin (D:3)
  A bat (D:2)
  A rat (D:2)
  A fungus (Lair:4)
27 creatures vanquished.

Vanquished Creatures (others)
  A centaur (D:5)
  A scorpion (D:5)
  An adder zombie (D:5)
  A fungus (Lair:3)
  A plant (Lair:3)
5 creatures vanquished.

Grand Total: 319 creatures vanquished

Notes
Turn   | Place    | Note
-------+----------+-------------------------------------------
     0 | D:1      | Oravi the Ghoul Necromancer began the quest for the Orb.
     0 | D:1      | Reached XP level 1. HP: 14/14 MP: 2/2
   104 | D:1      | Reached skill level 1 in Unarmed Combat
   224 | D:1      | Reached XP level 2. HP: 14/19 MP: 1/3
   331 | D:1      | Reached skill level 2 in Unarmed Combat
   839 | D:1      | Reached XP level 3. HP: 22/26 MP: 4/4
  1225 | D:2      | Learned a level 1 spell: Animate Skeleton
  1331 | D:2      | Found a blossoming altar of Fedhas.
  1348 | D:2      | Noticed an oklob plant
  1925 | D:2      | Reached skill level 1 in Armour
  1925 | D:2      | Reached XP level 4. HP: 33/33 MP: 2/5
  2079 | D:2      | Reached skill level 3 in Unarmed Combat
  2083 | D:2      | Found an ornate altar of the Wu Jian Council.
  2083 | D:2      | Found an ancient bone altar of Kikubaaqudgha.
  2084 | D:2      | Found a glowing golden altar of the Shining One.
  2769 | D:3      | Reached XP level 5. HP: 35/38 MP: 6/6
  2874 | D:3      | Noticed Natasha
  2894 | D:3      | Killed Natasha
  2924 | D:3      | Noticed Natasha
  2940 | D:3      | Killed Natasha
  3298 | D:3      | Noticed Terence
  3338 | D:3      | Reached skill level 4 in Unarmed Combat
  3338 | D:3      | Reached skill level 5 in Necromancy
  3452 | D:3      | Noticed Natasha
  3458 | D:3      | Killed Natasha
  3458 | D:3      | Reached XP level 6. HP: 28/45 MP: 0/7
  3764 | D:4      | Found Quujoen's Magic Scroll Shop.
  3879 | D:4      | Found a sacrificial altar of Ru.
  4176 | D:4      | Noticed a phantom
  4251 | D:4      | Killed a phantom
  4251 | D:4      | Reached skill level 5 in Unarmed Combat
  4431 | D:4      | Reached XP level 7. HP: 48/48 MP: 2/8
  5205 | D:4      | Found a shadowy altar of Dithmenos.
  5342 | D:5      | Entered Level 5 of the Dungeon
  5502 | D:5      | Noticed Pikel
  5531 | D:4      | Killed Pikel
  5531 | D:4      | Reached skill level 7 in Unarmed Combat
  5531 | D:4      | Reached XP level 8. HP: 26/57 MP: 0/9
  6124 | D:5      | Found a staircase to the Ecumenical Temple.
  6133 | Temple   | Entered the Ecumenical Temple
  6353 | D:2      | Became a worshipper of Kikubaaqudgha
  7338 | D:6      | Reached skill level 8 in Unarmed Combat
  7819 | D:6      | Killed Terence
  7819 | D:6      | Reached XP level 9. HP: 55/61 MP: 10/10
  8372 | D:7      | Reached skill level 5 in Armour
  8669 | D:7      | Reached skill level 9 in Unarmed Combat
  9758 | D:8      | Reached * piety under Kikubaaqudgha
  9758 | D:8      | Identified Kikubaaqudgha's Reference Book on Unholy Secrets (Kikubaaqudgha gifted it to you on level 8 of the Dungeon)
  9758 | D:8      | Received a gift from Kikubaaqudgha
 10434 | D:8      | Found Dextass's Magic Scroll Emporium.
 10504 | D:8      | Found a white marble altar of Elyvilon.
 10512 | D:8      | Reached skill level 10 in Unarmed Combat
 10885 | D:9      | Reached XP level 10. HP: 51/63 MP: 0/13
 11032 | D:9      | Noticed Psyche
 11272 | D:9      | Found a glowing silver altar of Zin.
 11316 | D:8      | Bought a scroll of teleportation for 33 gold pieces
 11355 | D:9      | Found a snail-covered altar of Cheibriados.
 11385 | D:9      | Learned a level 3 spell: Vampiric Draining
 11565 | D:9      | Found a staircase to the Lair.
 11587 | D:8      | Reached ** piety under Kikubaaqudgha
 11872 | D:9      | Noticed a two-headed ogre
 11879 | D:9      | a two-headed ogre changed into a dream sheep
 11885 | D:9      | Reached skill level 1 in Fighting
 12198 | D:8      | Reached skill level 11 in Unarmed Combat
 12534 | D:9      | Noticed Psyche
 12534 | D:9      | Psyche changed into Psyche the wolf
 12548 | D:9      | Killed Psyche the wolf
 13292 | D:10     | Entered Level 10 of the Dungeon
 13327 | D:10     | Found a blossoming altar of Fedhas.
 13435 | D:9      | Reached skill level 5 in Fighting
 13570 | D:10     | Found a glowing silver altar of Zin.
 13621 | D:10     | Reached XP level 11. HP: 59/88 MP: 9/14
 13650 | D:10     | Found a staircase to the Orcish Mines.
 13650 | D:10     | Found Abbengoh's Weapon Emporium.
 13805 | D:10     | Found a glowing golden altar of the Shining One.
 13845 | D:10     | Found a shattered altar of Ashenzari.
 13949 | D:10     | Reached skill level 12 in Unarmed Combat
 14166 | D:10     | Reached *** piety under Kikubaaqudgha
 14166 | D:10     | Identified Kikubaaqudgha's Tome of Evil (Kikubaaqudgha gifted it to you on level 10 of the Dungeon)
 14166 | D:10     | Received a gift from Kikubaaqudgha
 14290 | D:10     | Noticed a two-headed ogre
 14294 | D:10     | Noticed a death drake
 14294 | D:10     | a two-headed ogre changed into a death drake
 14411 | D:10     | Killed a death drake
 14524 | D:10     | Got a twitching tin ring
 14848 | D:10     | Found Kywill's Gadget Emporium.
 15024 | Lair:1   | Entered Level 1 of the Lair of Beasts
 15415 | Lair:1   | Noticed Harold
 15445 | Lair:1   | Killed Harold
 15597 | Lair:1   | Reached skill level 13 in Unarmed Combat
 15614 | Lair:1   | Learned a level 4 spell: Animate Dead
 16300 | Lair:2   | Noticed a catoblepas
 16325 | Lair:2   | Killed a catoblepas
 16416 | Lair:2   | Reached XP level 12. HP: 84/103 MP: 15/15
 17093 | Lair:3   | Found a staircase to the Snake Pit.
 17128 | Lair:3   | Noticed a four-headed hydra
 17479 | Lair:2   | Reached **** piety under Kikubaaqudgha
 17635 | Lair:3   | Found a staircase to the Shoals.
 17697 | Lair:3   | Killed a four-headed hydra
 18061 | Lair:3   | Noticed Gastronok
 18082 | Lair:3   | Killed Gastronok
 18082 | Lair:3   | Reached skill level 14 in Unarmed Combat
 18412 | Lair:4   | Identified the ring "Worablex" {*Slow rC+ Int+3 Dex+3} (You took it off a tengu conjurer on level 10 of the Dungeon)
 18558 | Lair:4   | Reached skill level 10 in Fighting
 18706 | Lair:4   | Found the +12 Vampire's Tooth {vamp}
 19314 | Lair:5   | Found a labyrinth entrance.
 19322 | Lab      | Entered a labyrinth
 19572 | Lab      | Noticed a minotaur
 19600 | Lab      | Hit by a javelin thrown by a minotaur

Skill      XL: |  1  2  3  4  5  6  7  8  9 10 11 12 |
---------------+-------------------------------------+-----
Unarmed Combat | 1 2 3 4 5 7 8 10 11 13 14 | 14.1
Armour         | 1 2 3 4 5 7 8 |  8.8
Necromancy     | 5 6 7 8 |  8.9
Spellcasting   | 2 3 4 |  4.0
Fighting       | 5 8 10 | 10.1
Dodging        | |  1.7
Stealth        | |  2.1

Action                   |  1- 3 |  4- 6 |  7- 9 | 10-12 || total
-------------------------+-------+-------+-------+-------++-------
Melee: Unarmed           |    61 |   215 |   311 |   740 ||  1327
       Punch             |       |       |     2 |    22 ||    24
Throw: Stone             |    42 |    95 |   105 |   147 ||   389
 Cast: Pain              |    29 |    59 |   153 |   148 ||   389
       Animate Skeleton  |     2 |     4 |     6 |    52 ||    64
       Vampiric Draining |       |       |       |    28 ||    28
Invok: Receive Corpses   |       |       |       |    10 ||    10
Evoke: Wand              |       |       |       |    23 ||    23
  Use: Potion            |       |     4 |     3 |     1 ||     8
       Scroll            |       |       |    10 |     3 ||    13
 Stab: Paralysed         |       |       |       |     9 ||     9
       Distracted        |       |       |       |     3 ||     3
  Eat: Chunk             |     4 |     9 |    21 |    65 ||    99
       Ration            |       |       |     2 |       ||     2
Armor: Robe              |     7 |       |       |       ||     7
       Ring mail         |    13 |    92 |   143 |   195 ||   443
       Chain mail        |       |       |       |   110 ||   110
Dodge: Dodged            |    33 |   100 |   191 |   399 ||   723
